 Dungeon Crawl Stone Soup version 0.26-a0-682-g294304f6e8 (webtiles) character file.

Game seed: 4324922675410204568

55 dudeneo the Poker (level 3, 0/31 HPs)
             Began as a Minotaur Monk on Oct 21, 2020.
             Slain by Sigmund
             ... wielding a +1 vorpal scythe
              (1 damage)
             ... on level 2 of the Dungeon.
             The game lasted 00:02:47 (1224 turns).

dudeneo the Poker (Minotaur Monk)                   Turns: 1224, Time: 00:02:48

Health: 0/31       AC:  7    Str: 16    XL:     3   Next: 67%
Magic:  2/2        EV: 10    Int:  7    God:
Gold:   55         SH:  0    Dex: 12    Spells: 2/2 levels left

rFire    . . .     SeeInvis .   a - +0 spear
rCold    . . .     Faith    .   (no shield)
rNeg     . . .     Spirit   .   g - +0 scale mail
rPois    .         Reflect  .   (helmet restricted)
rElec    .         Harm     .   f - +0 cloak
rCorr    .         Rampage  .   (no gloves)
MR       .....                  (no boots)
Stlth    ..........             (no amulet)
HPRegen  0.10/turn              (no ring)
MPRegen  0.08/turn              (no ring)

@: stab
A: retaliatory headbutt, horns 2
a: no special abilities


You were on level 2 of the Dungeon.
You visited 1 branch of the dungeon, and saw 2 of its levels.

You collected 55 gold pieces.

Inventory:

Hand Weapons
 a - a +0 spear (weapon)
Missiles
 k - 8 boomerangs (quivered)
Armour
 f - a +0 cloak (worn)
 g - a +0 scale mail (worn)
Jewellery
 l - a cursed ring of teleportation {unknown}
Scrolls
 c - a scroll of identify {unknown}
 e - a scroll of remove curse {unknown}
 i - 2 scrolls of teleportation {unknown}
 j - 2 scrolls of enchant weapon {unknown}
Potions
 d - 3 potions of magic {unknown}
 h - a potion of heal wounds {unknown}


   Skills:
 - Level 3.6 Fighting
 + Level 5.7 Polearms
 - Level 3.2 Dodging
 - Level 1.5 Stealth


You had 2 spell levels left.
You didn't know any spells.
Your spell library was empty.

Dungeon Overview and Level Annotations

Branches:
Dungeon (2/15)

Altars:

Annotations:
D:2 Sigmund


Innate Abilities, Weirdness & Mutations

You reflexively headbutt those who attack you in melee.
You have a pair of horns on your head.


Message History

No target in view!
No target in view!
No target in view!
No target in view!
No target in view!
Something hits you!
You barely miss something. You barely miss something. Something hits you.
You hit something but do no damage. You hit something. Something hits you.
You miss something. Something hits you but does no damage.
You hit something. You closely miss something. Something hits you!
* * * LOW HITPOINT WARNING * * *
x2 You hit something but do no damage.
It was a potion of stabbing.
You feel ready to backstab. Something hits you.
* * * LOW HITPOINT WARNING * * *
You die...

#..#.#...###.#
##.#..>.......
##.........#
<).).....##
###)......# ##
..........## #...
####...##..## ...#
##..##...######..#
#...##..##..@{.#
#..........####...#
#.#....##)........#
#.##.............
#.#.##.###..##
......... .##
....###.#. # .## #.
#! #. .


There were no monsters in sight!

Vanquished Creatures
  An adder (D:2)
  A worm (D:2)
  2 dart slugs
  2 leopard geckos (D:1)
  3 bats
  2 giant cockroaches
  5 goblins
  9 hobgoblins
  2 jackals (D:1)
  A frilled lizard (D:1)
  2 kobolds (D:1)
  3 rats (D:1)
33 creatures vanquished.

Notes
Turn   | Place    | Note
-------+----------+-------------------------------------------
     0 | D:1      | dudeneo the Minotaur Monk began the quest for the Orb.
     0 | D:1      | Reached XP level 1. HP: 19/19 MP: 0/0
   124 | D:1      | Reached skill level 4 in Polearms
   200 | D:1      | Reached XP level 2. HP: 26/26 MP: 1/1
   845 | D:1      | Reached skill level 5 in Polearms
  1060 | D:2      | Reached XP level 3. HP: 31/31 MP: 2/2
  1209 | D:2      | Noticed Sigmund
  1224 | D:2      | HP: 1/31 [something (3)]
  1224 | D:2      | Slain by Sigmund

Illustrated notes

Levels and vault maps discovered:
D:1:      dpeg_arrival_castle, layout_basic, serial_bayou_crossing
D:2:      layout_rooms, overflow_temple_1_default, uniq_sigmund

Skill      XL: |  1  2 |
---------------+-------+-----
Polearms       | 4 5 |  5.7
Fighting       | |  3.6
Dodging        | |  3.2
Stealth        | |  1.5

Action                   || total
-------------------------++-------
Melee: Spear             ||   113
       Headbutt          ||    14
  Use: Potion            ||     1
 Stab: Sleeping          ||     1
Armor: Ring mail         ||     6
       Scale mail        ||    20
Dodge: Dodged            ||    40

Table legend: (Time is in decaauts)
 A = Elapsed time spent in this place.
 B = Non-inter-level travel time spent in this place.
 C = Inter-level travel time spent in this place.
 D = Time resting spent in this place.
 E = Time spent auto-exploring this place.
 F = Levels seen in this place.
 G = Mean time per level.
                   A        B        C        D        E       F      G
               +--------+--------+--------+--------+--------+-----+--------+
         Total |   1216 |   1194 |     22 |      0 |    903 |   2 |  608.0 |
       Dungeon |   1216 |   1194 |     22 |      0 |    903 |   2 |  608.0 |
               +--------+--------+--------+--------+--------+-----+--------+

Top non-repeatable levels by time:
     D:1: 1059 daAuts
     D:2: 157 daAuts
